 Dungeon Crawl Stone Soup version 0.30.0-20-g3615ddf2f0 (webtiles) character file.

Game seed: 4672231208851038428

70 qw the Chopper (level 4, -2/28 HPs)
             Began as a Gargoyle Fighter on May 29, 2023.
             Slain by an ogre
             ... wielding a +0 giant club
              (26 damage)
             ... on level 4 of the Dungeon.
             The game lasted 00:00:30 (934 turns).

qw the Chopper (Gargoyle Fighter)                    Turns: 934, Time: 00:00:30

Health: -2/28      AC: 12    Str: 21    XL:     4   Next: 21%
Magic:  4/4        EV:  9    Int:  9    God:
Gold:   110        SH:  4    Dex:  9    Spells: 3/3 levels left

rFire   . . .        a - +0 war axe
rCold   . . .        c - +0 buckler
rNeg    + . .        b - +0 scale mail
rPois   inf          (no helmet)
rElec   +            (no cloak)
rCorr   .            (no gloves)
SInv    .            g - +1 pair of boots
Will    .....        (no amulet) Stlth
                     (no ring)
HPRegen 0.24/turn    (no ring)
MPRegen 0.09/turn

%: no passive effects
@: no status effects
A: sickness immunity, AC +3, negative energy resistance 1, electricity
resistance, torment resistance 1, petrification resistance
a: no special abilities


You were on level 4 of the Dungeon.
You visited 1 branch of the dungeon, and saw 3 of its levels.

You collected 110 gold pieces.


Innate Abilities, Weirdness & Mutations

You are immune to sickness and miasma.
Your stone body is resilient. (AC +3)
You are immune to poison.
You resist negative energy. (rN+)
You are resistant to electric shocks. (rElec)
You are resistant to unholy torment.
You are immune to petrification.


   Skills:
 - Level 3.2 Fighting
 + Level 4.0 Axes
 - Level 3.2 Armour
 - Level 3.2 Shields


You had 3 spell levels left.
You didn't know any spells.
Your spell library was empty.

Inventory:

Hand Weapons
 a - a +0 war axe (weapon)
 j - a +0 whip
Armour
 b - a +0 scale mail (worn)
 c - a +0 buckler (worn)
 g - a +1 pair of boots (worn)
 k - a +0 chain mail
Jewellery
 h - a ring of ice
Scrolls
 e - a scroll of noise {unknown}
 l - a scroll of fear {unknown}
Potions
 d - a potion of might
 f - a potion of mutation {unknown}
 i - a potion of ambrosia {unknown}

Dungeon Overview and Level Annotations

Branches:
Dungeon (4/15)
 Temple: D:4-7

Altars:


Message History

The orc hits you but does no damage. The orc completely misses you.
You hit the orc.
The orc is almost dead.
The orc hits you with a +0 whip.
You slash the orc!
You kill the orc!
Your Axes skill increases to level 4!
You start resting.
HP restored.
You now have 110 gold pieces (gained 18).
l - a scroll labelled VEKKIN LOBURGHU As you open the door, it creaks loudly!
A kobold brigand, an ogre and a kobold come into view.
The kobold brigand is wielding a +1 short sword of speed and quivering poisoned darts.
The kobold brigand shouts!
The ogre shouts!
The kobold shouts!
You hear a shout!
A gnoll opens the door.
A goblin comes into view. It is wielding a +0 club.
The goblin shouts!
A gnoll comes into view. It is wielding a +0 flail.
The gnoll shouts!
Found a scroll labelled KADOIS KIX PUO and a scroll labelled OLOONU QOATA.
You closely miss the kobold. The kobold hits you but does no damage.
The kobold closely misses you.
A gnoll comes into view. It is wielding a +0 flail.
The gnoll moves out of view.
You miss the kobold.
The gnoll shouts!
You barely miss the kobold brigand. You barely miss the gnoll.
The gnoll hits you with a +0 whip.
You closely miss the kobold brigand. You hit the gnoll.
The gnoll hits you with a +0 whip. The gnoll hits you but does no damage.
The kobold brigand hits you but does no damage.
You completely miss the gnoll.
The gnoll is lightly wounded.
You barely miss the ogre. You barely miss the goblin.
You miss the kobold brigand. You block the kobold brigand's attack.
The ogre hits you with a +0 giant club!!
Ouch! That really hurt!
You die...

..... ... ... .g.
####g####### ##
#........... .>##
####...gg...... ..
...#......@K......
....#.#.#.###O#######
......)...# ?K.
....#.#.###..... ..
#.#.##.......
#.#..#.......#
#.##.#...?...#
#.#..##.....##
######.##.###


You could see a kobold brigand, an ogre, 3 gnolls, a goblin and a kobold.

Vanquished Creatures
  Jessica (D:2)
  2 adders (D:2)
  An orc (D:4)
  5 endoplasms (D:1)
  2 giant cockroaches (D:2)
  3 goblins
  5 hobgoblins
  A ball python (D:2)
  A bat (D:2)
  A frilled lizard (D:1)
  A kobold (D:1)
23 creatures vanquished.

Notes
Turn   | Place    | Note
-------+----------+-------------------------------------------
     0 | D:1      | qw the Gargoyle Fighter began the quest for the Orb.
     0 | D:1      | Reached XP level 1. HP: 14/14 MP: 1/1
     0 | D:1      | 0 ||| qw: Version: 0.2-a-102-g2b76a06
     0 | D:1      | 0 ||| qw: Game counter: 388
     0 | D:1      | 0 ||| qw: Always use a shield: true
     0 | D:1      | 0 ||| qw: God list: Okawaru
     0 | D:1      | 0 ||| qw: Allow faded altars: false
     0 | D:1      | 0 ||| qw: Do Orc after D:15 true
     0 | D:1      | 0 ||| qw: Do second Lair branch before Depths: true
     0 | D:1      | 0 ||| qw: Lair rune preference: random
     0 | D:1      | 0 ||| qw: Plans: Normal, Zot:1-4, Slime:5, God:TSO, Crypt,
                  | Tomb, Pan, Hells, Abyss, Win
     0 | D:1      | 0 ||| PLANNING D:1-11
    58 | D:1      | Reached skill level 2 in Axes
   123 | D:1      | Reached XP level 2. HP: 19/19 MP: 2/2
   573 | D:1      | 573 ||| DROPPING +0 club.
   673 | D:1      | 673 ||| UPGRADING to +0 pair of boots.
   678 | D:1      | 678 ||| UPGRADING to +1 pair of boots.
   688 | D:1      | 688 ||| DROPPING +0 pair of boots.
   763 | D:2      | Reached skill level 3 in Axes
   763 | D:2      | Reached XP level 3. HP: 22/23 MP: 3/3
   796 | D:2      | 796 ||| Stepping ~*~*~tactically~*~*~ (stealth).
   799 | D:2      | 799 ||| Stepping ~*~*~tactically~*~*~ (stealth).
   818 | D:2      | Noticed Jessica
   821 | D:2      | Killed Jessica
   822 | D:2      | Reached XP level 4. HP: 26/28 MP: 4/4
   897 | D:2      | You fall into a shaft and drop 2 floors!
   918 | D:4      | Reached skill level 4 in Axes
   929 | D:4      | Noticed a kobold brigand
   929 | D:4      | Noticed an ogre
   934 | D:4      | Slain by an ogre

Levels and vault maps discovered:
D:1:      dpeg_arrival_fog, layout_loops_cross, grunt_decor_arrowhead
D:2:      layout_basic, dk_noncrumbling_2, wad_floor_pattern_2, uniq_jessica
D:4:      kennysheep_six_static_rooms, layout_basic,
          mainiacjoe_overflow_six_doors_small, st_stairs_12

Skill      XL: |  1  2  3  4 |
---------------+-------------+-----
Axes           | 2 3 4 |  4.0
Fighting       | |  3.2
Armour         | |  3.2
Shields        | |  3.2

Action                     |  1- 3 |  4- 6 || total
---------------------------+-------+-------++-------
  Melee: War axe           |    53 |    21 ||    74
 Armour: Scale mail        |    15 |    12 ||    27
  Dodge: Dodged            |    18 |     5 ||    23
  Block: Buckler           |    11 |     4 ||    15

Table legend:
 A = Non-vault XP
 B = Vault XP
 C = Vault XP percentage of total XP
 D = Non-vault monster count
 E = Vault monster count
 F = Vault count percentage of total count
                 A         B        C        D         E       F
            +---------+---------+-------+---------+---------+-------
      Total |      63 |      37 |  37.0 |      22 |       1 |   4.3
            +---------+---------+-------+---------+---------+-------
        D:1 |      24 |       0 |   0.0 |      13 |       0 |   0.0
        D:2 |      36 |      37 |  50.7 |       8 |       1 |  11.1
        D:4 |       3 |       0 |   0.0 |       1 |       0 |   0.0
            +---------+---------+-------+---------+---------+-------
